 Dungeon Crawl Stone Soup version 0.27-a0-1312-g5cdb2b3542 (webtiles) character file.

Game seed: 2756444759057377175

25316 Demosthentine the Impaler (level 13, 0/108 HPs)
             Began as a Merfolk Gladiator on June 20, 2021.
             Was a High Priest of the Shining One.
             Slain by Rupert (19 damage)
             ... on level 13 of the Dungeon.
             The game lasted 00:17:18 (12107 turns).

Demosthentine the Impaler (Merfolk Gladiator)      Turns: 12107, Time: 00:17:19

Health: 0/108      AC: 14    Str: 16    XL:     13   Next: 18%
Magic:  9/19       EV: 23    Int:  9    God:    the Shining One [*****.]
Gold:   901        SH:  0    Dex: 23    Spells: 12/12 levels left

rFire    . . .     SeeInvis .   y - +1 trident (vorpal)
rCold    + . .     Faith    .   (no shield)
rNeg     + + .     Spirit   .   c - +2 leather armour {rPois}
rPois    +         Reflect  .   l - +1 helmet
rElec    .         Harm     .   s - +1 cloak
rCorr    .         Rampage  +   r - +2 pair of gloves "Osusap" {-Cast Rampage rPois rC+}
Will     +....     Clarity  +   E - +0 pair of boots Stlth +.........NoCast +
                                i - amulet of regeneration
HPRegen  1.28/turn              o - +6 ring of dexterity
MPRegen  0.16/turn              h - ring of willpower

@: hasted, glowing, very quick
A: (nimble swimmer 2), mertail, clarity
a: Renounce Religion, Divine Shield, Cleansing Flame, Summon Divine Warrior


You were on level 13 of the Dungeon.
You worshipped the Shining One.
The Shining One was extremely pleased with you.
You visited 2 branches of the dungeon, and saw 14 of its levels.

You collected 901 gold pieces.

Inventory:

Hand Weapons
 b - a +4 demon trident
 y - a +1 vorpal trident (weapon)
Missiles
 d - 2 throwing nets (quivered)
 A - a curare-tipped dart
Armour
 c - a +2 leather armour of poison resistance (worn)
 j - a +0 pair of boots
 l - a +1 helmet (worn)
 r - the +2 pair of gloves "Osusap" (worn) {-Cast Rampage rPois rC+}
   (You found it on level 4 of the Dungeon)

   It protects you from cold.
   It protects you from poison.
   It prevents spellcasting.
   It bestows one free step when moving towards enemies.
 s - a +1 cloak (worn)
 E - a +0 pair of boots (worn)
Jewellery
 h - a ring of willpower (right hand)
 i - an amulet of regeneration (around neck)
 o - a +6 ring of dexterity (left hand)
 D - a ring of resist corrosion
Wands
 m - a wand of flame (55)
 q - a wand of iceblast (41)
Scrolls
 a - a scroll of identify
 e - 4 scrolls of enchant armour
 k - a scroll of fear
 v - 3 scrolls of fog
 w - 2 scrolls of amnesia
 F - 3 scrolls of vulnerability
Potions
 g - 3 potions of brilliance
 n - a potion of magic
 p - a potion of cancellation
 t - a potion of haste
 x - a potion of curing
 z - 2 potions of lignification
 B - 2 potions of resistance
 C - 2 potions of flight


   Skills:
 + Level 12.1 Fighting
 + Level 15.4 Polearms
 - Level 2.0 Throwing
 - Level 5.8 Armour
 + Level 14.2 Dodging
 + Level 8.6 Invocations


You had 12 spell levels left.
You didn't know any spells.
Your spell library contained the following spells:

 Spells                   Type           Power      Damage    Failure   Level
 Animate Skeleton         Necr           0%         N/A       43%         1
 Beastly Appendage        Tmut           0%         N/A       43%         1
 Corona                   Hex            0%         N/A       43%         1
 Magic Dart               Conj           0%         1d3       43%         1
 Pain                     Necr           0%         1d4       43%         1
 Blink                    Tloc           N/A        N/A       58%         2
 Call Imp                 Summ           0%         N/A       58%         2
 Ensorcelled Hibernation  Hex/Ice        0%         N/A       58%         2
 Searing Ray              Conj           0%         3d3       58%         2
 Slow                     Hex            0%         N/A       58%         2
 Wereblood                Tmut           0%         N/A       58%         2
 Confusing Touch          Hex            0%         N/A       82%         3
 Conjure Flame            Conj/Fire      0%         6-21      82%         3
 Dazzling Flash           Conj/Hex       0%         N/A       82%         3
 Gell's Gravitas          Tloc           0%         N/A       82%         3
 Mephitic Cloud           Conj/Pois/Air  0%         N/A       82%         3
 Spider Form              Tmut/Pois      0%         N/A       82%         3
 Tukima's Dance           Hex            0%         N/A       82%         3
 Vampiric Draining        Necr           0%         2d6       82%         3
 Animate Dead             Necr           0%         N/A       99%         4
 Cause Fear               Hex            0%         N/A       99%         4
 Fulminant Prism          Conj/Hex       0%         3d6       99%         4
 Ice Form                 Ice/Tmut       0%         N/A       99%         4
 Iskenderun's Mystic Bla  Conj/Tloc      0%         2d3       99%         4
 Petrify                  Tmut/Erth      0%         N/A       99%         4
 Summon Ice Beast         Ice/Summ       0%         N/A       99%         4
 Agony                    Necr           0%         N/A       100%        5
 Freezing Cloud           Conj/Ice/Air   0%         6-21      100%        5
 Metabolic Englaciation   Hex/Ice        0%         N/A       100%        5
 Silence                  Hex/Air        0%         N/A       100%        5
 Yara's Violent Unravell  Hex/Tmut       0%         3d3       100%        5
 Simulacrum               Ice/Necr       0%         N/A       100%        6
 Ozocubu's Refrigeration  Ice            0%         4d5       100%        7
 Discord                  Hex            0%         N/A       100%        8


Dungeon Overview and Level Annotations

Branches:
Dungeon (13/15)            Temple (1/1) D:6            Lair (0/6) D:10
    Orc (0/2) D:9
 Vaults: D:13-14

Altars:
Ashenzari
Cheibriados
Dithmenos
Elyvilon
Fedhas
Gozag
Hepliaklqana
Kikubaaqudgha
Makhleb
Nemelex Xobeh
Okawaru
Qazlal
Ru
Sif Muna
Trog
Uskayaw
Vehumet
Wu Jian
Xom
Yredelemnul
Zin
The Shining One

Annotations:
D:13 Rupert


Innate Abilities, Weirdness & Mutations

((You are quick and stealthy near water. (Stealth+, EV+, Speed+++)))
Your lower body shifts to a powerful aquatic tail in water.
You possess an exceptional clarity of mind.


Message History

Rupert is lightly wounded.
A black mamba comes into view.
Unknown command.
You puncture Rupert!
Rupert is lightly wounded.
Unknown command.
You puncture Rupert!
Rupert is moderately wounded.
The skeletal warrior closely misses you. x2
Rupert hits you with a +2 great mace of protection.
Unknown command.
You hit Rupert but do no damage.
Rupert is moderately wounded.
Unknown command.
You hit Rupert.
Rupert is heavily wounded.
The skeletal warrior hits you from afar with a +0 halberd!
* * * LOW HITPOINT WARNING * * *
The skeletal warrior hits you with a +0 battleaxe!
* * * LOW HITPOINT WARNING * * *
Rupert screams, "You killed all those lovely monsters, you murderer!"
Rupert completely misses you.
You hit Rupert but do no damage.
Rupert is heavily wounded.
Unknown command.
You puncture Rupert!
Rupert is heavily wounded.
Unknown command.
You hit Rupert.
Rupert is heavily wounded.
The skeletal warrior barely misses you. The skeletal warrior misses you.
Rupert roars madly and goes into a rage!
Rupert goes berserk!
Unknown command.
You hit Rupert but do no damage.
Rupert is heavily wounded.
You hit Rupert.
Rupert is severely wounded.
Rupert hits you with a +2 great mace of protection!!
You die...

######.# ...
####.# #.##.#
#..... ###.##..
#.##.# #......#
##.##.. #.#.##.#
#...†.. #.#.##W#
#..##.† #.#..#@#
#..##..
#########..$.#@#
........
#.G....V..(Szz.#
.#######.
#k########.#####
.. ##. #.# #.# .
#.#. #z# #.#
.... #.# #.#
.... #z# #.#
#####...#
##k#### #.[
..#.....
#.Y...## ###
#.#J#


You could see Rupert (berserk), 2 skeletal warriors, a black mamba, a vampire
and a wraith.

Vanquished Creatures
  Josephine (D:11)
  A centaur warrior (D:13)
  2 hydras (D:12)
  Erolcha (D:13)
  Erica (D:8)
  3 two-headed ogres
  Urug (D:11)
  Nergalle (D:10)
  5 skeletal warriors (D:11)
  Pikel (D:8)
  A deep elf pyromancer (D:9)
  2 ugly things
  A manticore (D:11)
  A cyclops (D:11)
  Joseph (D:8)
  Psyche (D:8)
  A troll (D:11)
  A hornet (D:9)
  Prince Ribbit (D:8)
  6 slime creatures
  4 shadows
  8 wraiths
  3 basilisks (D:10)
  10 yaks
  4 wyverns
  3 vampire mosquitoes (D:13)
  An acid dragon (D:9)
  7 water moccasins
  4 orc warriors
  2 sky beasts
  2 black bears
  2 ogres
  2 necrophages
  4 centaurs
  2 phantoms
  The ghost of dang3rdave the Shooter, an amateur GrAM of Uskayaw (D:4)
  4 kobold brigands
  A gnoll sergeant (D:12)
  3 scorpions
  3 bullfrogs
  2 water moccasin skeletons (D:4)
  4 wights (D:8)
  13 killer bees
  An electric eel (D:13)
  4 howler monkeys
  3 crimson imps (D:11)
  4 centaur zombies
  3 hounds
  An iron imp (D:3)
  A jelly (D:7)
  10 orc priests
  Crazy Yiuf (D:4)
  Jessica (D:3)
  5 iguanas
  Natasha (twice) (D:3)
  11 orc wizards
  A killer bee zombie (D:8)
  Robin (D:3)
  9 gnolls
  A howler monkey zombie (D:8)
  10 adders
  A howler monkey skeleton (D:6)
  A shadow imp (D:6)
  A white imp (D:8)
  2 ufetubi (D:6)
  An adder skeleton (D:4)
  3 worms
  3 dart slugs
  47 orcs
  3 bats
  4 endoplasms
  3 giant cockroaches
  15 goblins
  12 hobgoblins
  2 jackals (D:3)
  5 quokkas
  4 ball pythons
  2 frilled lizards
  15 kobolds
  A quokka skeleton (D:4)
  5 rats
321 creatures vanquished.

Vanquished Creatures (others)
  An orc (D:8)
  5 fungi
  A plant (D:10)
  4 toadstools (D:1)
11 creatures vanquished.

Grand Total: 332 creatures vanquished

Notes
Turn   | Place    | Note
-------+----------+-------------------------------------------
     0 | D:1      | Demosthentine the Merfolk Gladiator began the quest for the
                  | Orb.
     0 | D:1      | Reached XP level 1. HP: 16/16 MP: 1/1
   161 | D:1      | Reached XP level 2. HP: 23/23 MP: 2/2
   693 | D:2      | Reached XP level 3. HP: 28/28 MP: 3/3
   779 | D:2      | Reached skill level 5 in Polearms
   827 | D:2      | Reached skill level 1 in Armour
   964 | D:2      | Reached XP level 4. HP: 35/35 MP: 4/4
  1350 | D:3      | Noticed Jessica
  1355 | D:3      | Killed Jessica
  1428 | D:3      | Reached skill level 5 in Dodging
  1463 | D:3      | Reached XP level 5. HP: 17/41 MP: 5/5
  1524 | D:3      | Noticed Robin
  1723 | D:3      | Killed Robin
  1832 | D:3      | Found an ornate altar of the Wu Jian Council.
  1963 | D:3      | Found a snail-covered altar of Cheibriados.
  1963 | D:3      | Noticed Natasha
  1971 | D:3      | Killed Natasha
  1989 | D:3      | Gained mutation: You possess an exceptional clarity of
                  | mind. [potion of mutation]
  1994 | D:3      | Reached skill level 6 in Polearms
  1994 | D:3      | Reached XP level 6. HP: 25/48 MP: 6/6
  2611 | D:3      | Noticed Natasha
  2633 | D:3      | Killed Natasha
  2851 | D:4      | Reached XP level 7. HP: 48/55 MP: 7/7
  3163 | D:4      | Identified the +2 robe "Hoyroduh" {*Slow rC+ Str+3}
  3556 | D:4      | Reached skill level 7 in Polearms
  3609 | D:4      | Noticed dang3rdave's ghost (amateur GrAM)
  3689 | D:4      | Found a runed translucent door.
  3690 | D:4      | Noticed Crazy Yiuf
  3802 | D:4      | Found a transporter.
  3806 | D:4      | Found a transporter.
  3807 | D:4      | Identified the +2 pair of gloves "Osusap" {-Cast Rampage
                  | rPois rC+}
  3888 | D:4      | Reached skill level 5 in Fighting
  3967 | D:4      | Killed Crazy Yiuf
  4040 | D:4      | Killed dang3rdave's ghost
  4041 | D:4      | Reached XP level 8. HP: 59/62 MP: 8/8
  4115 | D:5      | Entered Level 5 of the Dungeon
  4200 | D:5      | Reached skill level 8 in Polearms
  5037 | D:6      | Found a staircase to the Ecumenical Temple.
  5087 | Temple   | Entered the Ecumenical Temple
  5343 | Temple   | Became a worshipper of the Shining One
  5749 | D:6      | Reached skill level 9 in Polearms
  5781 | D:6      | Reached XP level 9. HP: 70/71 MP: 9/9
  6103 | D:6      | Reached * piety under the Shining One
  6480 | D:7      | Reached skill level 10 in Polearms
  7091 | D:8      | Noticed Psyche
  7103 | D:8      | Killed Psyche
  7230 | D:8      | Reached skill level 5 in Armour
  7275 | D:8      | Noticed Erica
  7299 | D:8      | Killed Erica
  7300 | D:8      | Reached skill level 11 in Polearms
  7300 | D:8      | Reached skill level 10 in Dodging
  7300 | D:8      | Reached XP level 10. HP: 48/80 MP: 10/10
  7659 | D:8      | Noticed Pikel
  7671 | D:8      | Killed Pikel
  7785 | D:8      | Noticed Prince Ribbit
  7865 | D:8      | Noticed Joseph
  7879 | D:8      | Killed Joseph
  8078 | D:8      | Killed Prince Ribbit
  8294 | D:9      | Reached ** piety under the Shining One
  8331 | D:9      | Reached skill level 1 in Invocations
  8466 | D:9      | Found a staircase to the Orcish Mines.
  8479 | D:9      | Reached skill level 12 in Polearms
  8606 | D:9      | Reached XP level 11. HP: 86/89 MP: 12/12
  8664 | D:9      | Found a sparkling altar of Nemelex Xobeh.
  8665 | D:9      | Found a burning altar of Makhleb.
  9180 | D:9      | Noticed a brown ugly thing
  9205 | D:9      | Killed a brown ugly thing
  9219 | D:9      | Noticed a deep elf pyromancer
  9229 | D:9      | Killed a deep elf pyromancer
  9285 | D:10     | Entered Level 10 of the Dungeon
  9522 | D:10     | Reached skill level 10 in Fighting
  9523 | D:10     | Noticed a two-headed ogre
  9530 | D:10     | Killed a two-headed ogre
  9531 | D:10     | Reached skill level 13 in Polearms
  9559 | D:10     | Reached skill level 5 in Invocations
  9577 | D:10     | Reached *** piety under the Shining One
  9603 | D:10     | Found a staircase to the Lair.
  9617 | D:10     | Noticed Nergalle
  9633 | D:10     | Killed Nergalle
 10000 | D:11     | Noticed a skeletal warrior
 10000 | D:11     | Noticed a skeletal warrior
 10001 | D:11     | Noticed a skeletal warrior
 10002 | D:11     | Noticed a skeletal warrior
 10002 | D:11     | Noticed a skeletal warrior
 10016 | D:11     | Killed a skeletal warrior
 10017 | D:11     | Reached XP level 12. HP: 98/99 MP: 14/16
 10068 | D:11     | Reached skill level 14 in Polearms
 10144 | D:11     | Noticed a two-headed ogre
 10155 | D:11     | Killed a two-headed ogre
 10182 | D:11     | Noticed Josephine
 10234 | D:11     | Killed Josephine
 10380 | D:11     | Reached **** piety under the Shining One
 10431 | D:11     | Found a shimmering altar of Xom.
 10536 | D:11     | Noticed Urug
 10556 | D:11     | Killed Urug
 10886 | D:12     | Noticed a two-headed ogre
 10899 | D:12     | Killed a two-headed ogre
 11285 | D:12     | Noticed a five-headed hydra
 11297 | D:12     | Killed a five-headed hydra
 11367 | D:12     | Noticed a four-headed hydra
 11375 | D:12     | Killed a four-headed hydra
 11376 | D:12     | Reached skill level 15 in Polearms
 11422 | D:12     | Reached XP level 13. HP: 107/107 MP: 19/19
 11713 | D:13     | Noticed Erolcha
 11722 | D:13     | Killed Erolcha
 11770 | D:13     | Reached ***** piety under the Shining One
 11977 | D:13     | Noticed a vault guard
 11992 | D:13     | HP: 1/108 [centaur warrior/arrow (20)]
 12020 | D:13     | Noticed a great orb of eyes
 12043 | D:13     | Noticed a fire dragon
 12043 | D:13     | a snapping turtle changed into a fire dragon
 12046 | D:13     | Noticed a spark wasp
 12046 | D:13     | a fire dragon changed into a spark wasp
 12055 | D:13     | Noticed a fire dragon
 12055 | D:13     | a spark wasp changed into a fire dragon
 12057 | D:13     | Noticed a ghost moth
 12057 | D:13     | a fire dragon changed into a ghost moth
 12063 | D:13     | Noticed an emperor scorpion
 12063 | D:13     | a ghost moth changed into an emperor scorpion
 12064 | D:13     | Noticed a minotaur
 12064 | D:13     | an emperor scorpion changed into a minotaur
 12075 | D:13     | a minotaur changed into a catoblepas
 12092 | D:13     | Noticed Rupert
 12107 | D:13     | Slain by Rupert

Illustrated notes

Levels and vault maps discovered:
D:1:      dpeg_arrival_fog, layout_basic, minmay_gold_behind_fungi, minivault_19
D:2:      layout_rooms, minmay_tiny_reverse_x
D:3:      layout_rooms, nicolae_overflow_hidden_temple, slow_altar_2,
          minmay_fractal_squares_5, uniq_jessica, uniq_natasha, uniq_robin
D:4:      layout_rooms, gammafunk_ghost_arena, dk_noncrumbling_2,
          uniq_crazy_yiuf_cottage
D:5:      layout_basic
D:6:      layout_basic, minmay_temple_entry_tees
D:7:      layout_basic, chequers_serial_rivers_micro_c
D:8:      layout_loops_corners, solitary_fountain, kennysheep_generic_room_6,
          uniq_erica, uniq_prince_ribbit1, uniq_psyche, uniq_pikel, uniq_joseph
D:9:      minmay_cornered_nines, layout_cave_pools,
          gammafunk_temple_overflow_pools, hiddenorc2_lemuel
D:10:     layout_big_octagon, minmay_lair_entry_grove, due_unseen_surprise,
          uniq_nergalle
D:11:     layout_roguey, led_xom_imps, uniq_urug, uniq_josephine
D:12:     layout_grid_maze
D:13:     minmay_outward_triangles, layout_loops_cross, david_vaults_5,
          amcnicky_mini_corridor_feature, fungi_pond_lemuel, uniq_rupert,
          uniq_erolcha
Temple:   dpeg_five_rooms_temple

Skill      XL: |  1  2  3  4  5  6  7  8  9 10 11 12 13 |
---------------+----------------------------------------+-----
Polearms       | 5 6 7 9 11 12 13 15 | 15.4
Fighting       | 3 4 5 6 8 9 10 11 12 | 12.1
Armour         | 1 2 3 4 5 |  5.8
Dodging        | 5 6 7 8 10 11 12 13 14 | 14.2
Invocations    | 2 5 8 |  8.6
Throwing       | |  2.0

Action                   |  1- 3 |  4- 6 |  7- 9 | 10-12 | 13-15 || total
-------------------------+-------+-------+-------+-------+-------++-------
Melee: Trident           |    88 |   221 |   529 |   806 |   109 ||  1753
       Tailslap          |       |       |       |       |     2 ||     2
Throw: Throwing net      |       |     1 |       |       |       ||     1
Invok: Divine Shield     |       |       |       |     2 |       ||     2
  Use: Scroll            |     5 |     5 |     4 |     6 |     4 ||    24
       Potion            |       |     3 |     3 |     2 |     3 ||    11
 Stab: Sleeping          |       |     3 |     1 |       |       ||     4
       Held in net/web   |       |     1 |       |       |       ||     1
Armor: Leather armour    |    21 |    43 |   153 |   110 |    39 ||   366
       Skin              |       |       |    11 |       |       ||    11
Dodge: Dodged            |    48 |   112 |   349 |   449 |   132 ||  1090
Block: Other             |       |       |       |     8 |       ||     8

Table legend: (Time is in decaauts)
 A = Elapsed time spent in this place.
 B = Non-inter-level travel time spent in this place.
 C = Inter-level travel time spent in this place.
 D = Time resting spent in this place.
 E = Time spent auto-exploring this place.
 F = Levels seen in this place.
 G = Mean time per level.
                   A        B        C        D        E       F      G
               +--------+--------+--------+--------+--------+-----+--------+
         Total |  11737 |  11176 |    561 |    368 |   8056 |  14 |  838.4 |
       Dungeon |  11431 |  10958 |    473 |    368 |   7844 |  13 |  879.3 |
        Temple |    305 |    218 |     87 |      0 |    212 |   1 |  305.0 |
               +--------+--------+--------+--------+--------+-----+--------+

Top non-repeatable levels by time:
     D:3: 1558 daAuts
     D:8: 1174 daAuts
     D:4: 1084 daAuts
     D:6: 1014 daAuts
     D:9: 929 daAuts
     D:5: 816 daAuts
    D:11: 814 daAuts
     D:2: 785 daAuts
     D:7: 765 daAuts
    D:12: 740 daAuts
     D:1: 687 daAuts
    D:10: 661 daAuts
    D:13: 400 daAuts
  Temple: 305 daAuts
